 Dungeon Crawl Stone Soup version 0.21-a0-529-g8c7b3f5 (webtiles) character file.

13622 tsouns the Geomancer (level 12, 0/81 HPs)
             Began as an Octopode Earth Elementalist on Dec 11, 2017.
             Was an Elder of Vehumet.
             Slain by teukkam's ghost (6 damage)
             ... on level 2 of the Lair of Beasts.
             The game lasted 00:45:34 (12175 turns).

tsouns the Geomancer (Octopode Earth Elementalist) Turns: 12175, Time: 00:45:34

Health: 0/81       AC:  1    Str:  8    XL:     12   Next: 8%
Magic:  7/23       EV: 17    Int: 22    God:    Vehumet [****..]
Gold:   411        SH:  7    Dex: 12    Spells: 11/26 levels left

rFire    + . .     SeeInvis .   G - +5 hand axe of Purpose {venom, *Drain MR++}
rCold    . . .     Gourm    +   A - +2 buckler
rNeg     + . .     Faith    .   (helmet restricted)
rPois    .         Spirit   .   a - amulet of the gourmand
rElec    .         Reflect  .   y - ring of positive energy
rCorr    .         Harm     .   i - ring of protection from fire
MR       +++..                  F - ring of protection from magic
Stlth    +++++.....             (no ring)
HPRegen  0.23/turn              (no ring)
MPRegen  0.18/turn              (no ring)
                                (no ring)
                                (no ring)

@: no status effects
A: almost no armour, stealthy swim, amphibious, 8 rings, constrict 8, camouflage
1, gelatinous body 1
a: Renounce Religion


You were on level 2 of the Lair of Beasts.
You worshipped Vehumet.
Vehumet was greatly pleased with you.
You were very full.

You visited 3 branches of the dungeon, and saw 11 of its levels.
You also visited: Ossuary.

You collected 524 gold pieces.
You spent 113 gold pieces at shops.

Inventory:

Hand Weapons
 g - a +1 dagger
 t - a +2 whip of venom
 G - the +5 hand axe of Purpose (weapon) {venom, *Drain MR++}
   (You found it on level 6 of the Dungeon)

   It poisons the flesh of those it strikes.
   It affects your resistance to hostile enchantments.
   It causes draining when unequipped.
 K - a +2 war axe of venom
Missiles
 b - 191 stones (quivered)
Armour
 A - a +2 buckler (worn)
Magical Staves
 L - an uncursed staff of energy {unknown}
Jewellery
 a - an amulet of the gourmand (around mantle)
 i - a ring of protection from fire (right tentacle)
 y - a ring of positive energy (left tentacle)
 F - a ring of protection from magic (on tentacle)
Wands
 k - a wand of digging (7)
 q - a wand of paralysis (4)
 v - a wand of iceblast (7)
 z - a wand of flame (24)
 B - a wand of polymorph (26)
 I - a wand of enslavement (21)
Scrolls
 j - 5 scrolls of enchant armour
 r - 9 scrolls of remove curse
 D - 4 scrolls of enchant weapon
 E - 2 scrolls of blinking
 O - a scroll of magic mapping
 P - 3 scrolls of teleportation
Potions
 e - 8 potions of curing
 f - 3 potions of invisibility
 l - 2 potions of mutation
 n - 2 potions of cancellation
 o - 5 potions of heal wounds
 s - 2 potions of brilliance
 u - a potion of ambrosia
 C - 4 potions of flight
 H - 2 potions of lignification
 J - a potion of might {unknown}
 M - a potion of resistance {unknown}
Books
 d - a book of Geomancy

   Spells                             Type                      Level
   a - Sandblast                      Earth                        1
   b - Passwall                       Transmutation/Earth          2
   c - Stone Arrow                    Conjuration/Earth            3
   d - Petrify                        Transmutation/Earth          4
   e - Lee's Rapid Deconstruction     Earth                        5
 m - a book of Battle

   Spells                             Type                      Level
   a - Infusion                       Charms                       1
   b - Shroud of Golubria             Charms/Translocation         2
   c - Song of Slaying                Charms                       2
   d - Spectral Weapon                Hexes/Charms                 3
   e - Regeneration                   Charms/Necromancy            3
 w - Tycho's Volume of Combat Magic and Weightlessness
   (You found it on level 4 of the Dungeon)

   Spells                             Type                      Level
   a - Magic Dart                     Conjuration                  1
   b - Flame Tongue                   Conjuration/Fire             1
   c - Swiftness                      Charms/Air                   2
   d - Summon Lightning Spire         Summoning/Air                4
   e - Bolt of Cold                   Conjuration/Ice              6
   f - Bolt of Fire                   Conjuration/Fire             6
 x - a book of Changes

   Spells                             Type                      Level
   a - Beastly Appendage              Transmutation                1
   b - Sticks to Snakes               Transmutation                2
   c - Spider Form                    Transmutation/Poison         3
   d - Ice Form                       Ice/Transmutation            4
   e - Blade Hands                    Transmutation                5
Comestibles
 c - 4 bread rations
 h - 5 royal jellies
 p - 4 meat rations
 N - a fruit


   Skills:
 + Level 7.6 Fighting
 - Level 3.7 Axes
 + Level 7.2 Dodging
 + Level 9.2 Stealth
 - Level 4.3 Shields
 + Level 7.7 Spellcasting
 - Level 3.5 Transmutations
 + Level 10.9 Earth Magic


You had 11 spell levels left.
You knew the following spells:

 Your Spells              Type           Power        Failure   Level  Hunger
a - Sandblast             Erth           ######       1%          1    None
b - Passwall              Tmut/Erth      #####.....   1%          2    None
c - Stone Arrow           Conj/Erth      ####..       1%          3    None
d - Petrify               Tmut/Erth      #####...     3%          4    ###....
e - Lee's Rapid Deconstr  Erth           ######....   1%          5    #####..


Dungeon Overview and Level Annotations

Branches:
Dungeon (8/15)             Temple (1/1) D:7            Lair (2/6) D:8
  Swamp: Lair:2-4    Shoals: Lair:2-4     Snake: Lair:2-4    Spider: Lair:2-4

Altars:
Cheibriados
Dithmenos
Elyvilon
Gozag
Hepliaklqana
Kikubaaqudgha
Makhleb
Nemelex Xobeh
Okawaru
Qazlal
Ru
Sif Muna
Trog
Uskayaw
Vehumet
Wu Jian
Xom
Yredelemnul
Zin
The Shining One

Shops:
D:6 *   D:8 %

Annotations:
Lair:2 teukkam's ghost, journeyman GnWn


Innate Abilities, Weirdness & Mutations

You cannot wear most types of armour.
You are very stealthy in the water. (Stealth+)
You are amphibious.
You can wear up to eight rings at the same time.
You can use your tentacles to constrict eight enemies at once.
Your skin changes colour to match your surroundings (Stealth+).
Your rubbery body absorbs attacks. (AC +1, EV +1)


Message History

The blast of sand hits teukkam's ghost.
Teukkam's ghost is lightly damaged.
b - 192 stones
Casting: Sandblast
Confirm with . or Enter, or press ? or * to list all spells.
Aiming: Sandblast
Press: ? - help, Shift-Dir - straight line The blast of sand hits teukkam's ghost.
Teukkam's ghost is lightly damaged.
b - 191 stones Teukkam's ghost hits you!!
There is an open door here.
Teukkam's ghost hits you!!
* * * LOW HITPOINT WARNING * * *
There is an open door, spattered with blood here.
Unknown command.
There is a stone staircase leading up here.
Teukkam's ghost hits you!!
* * * LOW HITPOINT WARNING * * *
You die...

####'##...# ###.....# ####.#.#
#..###### ## ###.#..# ##...#
#..## #.##.###..### #.#..#
##..### ####..........# ##....#
##.+.#.###............####.'..##
#.......#.#.#.........#.#.......
#....†..##..............P.......
#.......##............#.'.......
#.......#..##..@W.....##........
+.......##..#.........###.......
#.......'..#..........# #.......
#........#.###########..##.......
#####.###### #########.## ## ##


You could see teukkam's ghost.

Vanquished Creatures
  2 hydras (Lair:2)
  Erica (Lair:1)
  4 two-headed ogres (D:8)
  A manticore (Lair:2)
  A black mamba (Lair:1)
  A komodo dragon (Lair:1)
  A polar bear (Lair:2)
  Grinder (D:6)
  4 blink frogs
  The ghost of tsouns the Bolt Thrower, an amateur KoAM (D:4)
  Sigmund (D:5)
  3 yaks
  A basilisk (Lair:1)
  A vampire mosquito (Lair:2)
  Menkaure (Ossuary)
  3 water moccasins
  2 orc warriors (D:8)
  5 porcupines
  5 ice beasts
  A sky beast (D:7)
  2 phantoms
  A black bear (D:8)
  A necrophage (D:8)
  6 ogres
  5 centaurs
  2 crocodiles
  2 elf zombies (Ossuary)
  Blork the orc (D:5)
  8 bullfrogs
  A troll zombie (Ossuary)
  9 killer bees
  4 wights (D:7)
  2 crimson imps
  Crazy Yiuf (D:7)
  3 centaur zombies (Ossuary)
  3 hounds
  An orc priest (D:8)
  Jessica (D:3)
  2 bullfrog skeletons
  A centaur skeleton (D:8)
  A gnoll shaman (D:8)
  3 iguanas
  Ijyb (D:5)
  14 orc wizards
  7 worker ants
  An ogre zombie (Ossuary)
  3 hound skeletons
  6 mummies (Ossuary)
  A worker ant zombie (D:2)
  15 adders
  4 gnolls
  A shadow imp (D:8)
  2 oozes
  An adder skeleton (D:7)
  7 adder zombies
  3 worms
  A dart slug (D:1)
  6 leopard geckos
  25 orcs
  6 bats
  3 bat zombies (D:4)
  4 giant cockroaches
  8 hobgoblins
  11 jackals
  4 quokkas
  2 ball pythons
  2 frilled lizards (D:2)
  8 goblins
  3 goblin zombies (Ossuary)
  7 hobgoblin zombies (Ossuary)
  5 kobolds
  A kobold zombie (Ossuary)
  3 quokka zombies (Ossuary)
  9 rats
  5 rat zombies (Ossuary)
  A bush (D:7)
280 creatures vanquished.

Vanquished Creatures (others)
  10 fungi
  10 plants
20 creatures vanquished.

Grand Total: 300 creatures vanquished

Notes
Turn   | Place    | Note
-------+----------+-------------------------------------------
     0 | D:1      | tsouns the Octopode Earth Elementalist began the quest for the Orb.
     0 | D:1      | Reached XP level 1. HP: 11/11 MP: 3/3
    63 | D:1      | Reached XP level 2. HP: 17/17 MP: 1/5
   658 | D:1      | Learned a level 2 spell: Passwall
   691 | D:2      | Reached XP level 3. HP: 21/21 MP: 2/6
  1185 | D:2      | Reached skill level 4 in Earth Magic
  1193 | D:2      | Reached XP level 4. HP: 24/27 MP: 0/7
  1249 | D:2      | Learned a level 3 spell: Stone Arrow
  1377 | D:2      | Found a sacrificial altar of Ru.
  1410 | D:2      | Found a sparkling altar of Nemelex Xobeh.
  1647 | D:2      | Found a glowing golden altar of the Shining One.
  1707 | D:2      | Found a deep blue altar of Sif Muna.
  1811 | D:3      | Noticed Jessica
  1827 | D:3      | Killed Jessica
  1827 | D:3      | Reached XP level 5. HP: 26/32 MP: 3/9
  2224 | D:3      | Found a basalt altar of Yredelemnul.
  2442 | D:3      | Reached skill level 1 in Fighting
  2741 | D:3      | Reached skill level 5 in Earth Magic
  2793 | D:4      | Noticed tsouns's ghost (amateur KoAM)
  2972 | D:4      | Reached XP level 6. HP: 30/38 MP: 6/10
  3258 | D:4      | Found an ornate altar of the Wu Jian Council.
  3271 | D:4      | Learned a level 4 spell: Petrify
  3560 | D:4      | Identified Tycho's Volume of Combat Magic and Weightlessness
  3701 | D:4      | Found an ancient bone altar of Kikubaaqudgha.
  3767 | D:4      | Killed tsouns's ghost
  3767 | D:4      | Reached XP level 7. HP: 9/45 MP: 2/12
  4044 | D:4      | Reached skill level 6 in Earth Magic
  4458 | D:5      | Entered Level 5 of the Dungeon
  4500 | D:5      | Noticed Ijyb
  4520 | D:5      | Killed Ijyb
  4578 | D:5      | Reached XP level 8. HP: 52/52 MP: 5/14
  4617 | D:5      | Noticed Blork the orc
  5151 | D:5      | Killed Blork the orc
  5205 | D:5      | Reached skill level 7 in Earth Magic
  5476 | D:5      | Noticed Sigmund
  5495 | D:5      | Killed Sigmund
  5641 | D:6      | Reached XP level 9. HP: 35/59 MP: 12/15
  5754 | D:6      | Found a stormy altar of Qazlal.
  6168 | D:6      | Reached skill level 5 in Fighting
  6311 | D:6      | Reached skill level 8 in Earth Magic
  6469 | D:6      | Found Lisa's Assorted Antiques.
  6472 | D:6      | Bought a potion of curing for 87 gold pieces
  6472 | D:6      | Bought a smoky brown potion for 26 gold pieces
  6478 | D:6      | Got a warped hand axe
  6479 | D:6      | Identified the +5 hand axe of Purpose {venom, *Drain MR++} (You found it on level 6 of the Dungeon)
  6586 | D:6      | Found a white marble altar of Elyvilon.
  6587 | D:6      | Found a shimmering altar of Xom.
  6656 | D:6      | Noticed Grinder
  6668 | D:6      | Killed Grinder
  6668 | D:6      | Reached skill level 5 in Dodging
  7010 | D:7      | Found a radiant altar of Vehumet.
  7030 | D:7      | Became a worshipper of Vehumet
  7050 | D:7      | Found a staircase to the Ecumenical Temple.
  7176 | D:7      | Learned a level 5 spell: Lee's Rapid Deconstruction
  7389 | D:7      | Reached skill level 5 in Stealth
  7527 | D:7      | Reached * piety under Vehumet
  7527 | D:7      | Offered knowledge of Freeze by Vehumet.
  7532 | D:7      | Reached XP level 10. HP: 67/68 MP: 17/17
  7563 | Temple   | Entered the Ecumenical Temple
  7701 | D:7      | Reached skill level 9 in Earth Magic
  7795 | D:7      | Reached skill level 5 in Spellcasting
  7984 | D:7      | Found a runed door.
  7988 | D:7      | Noticed Crazy Yiuf
  8000 | D:7      | Killed Crazy Yiuf
  8135 | D:8      | Found a sand-covered staircase.
  8217 | Ossuary  | Entered an ossuary
  8238 | Ossuary  | Reached ** piety under Vehumet
  8238 | Ossuary  | Offered knowledge of Searing Ray by Vehumet.
  8568 | Ossuary  | Offered knowledge of Throw Frost by Vehumet.
  8793 | Ossuary  | Noticed Menkaure
  8810 | Ossuary  | Reached *** piety under Vehumet
  8833 | Ossuary  | Killed Menkaure
  9020 | D:8      | Noticed a two-headed ogre
  9138 | D:8      | Killed a two-headed ogre
  9293 | D:8      | Found Reummir's Food Shop.
  9305 | D:8      | Noticed a two-headed ogre
  9323 | D:8      | Killed a two-headed ogre
  9445 | D:8      | Offered knowledge of Airstrike by Vehumet.
  9586 | D:8      | Reached XP level 11. HP: 74/74 MP: 20/20
  9762 | D:8      | Noticed a two-headed ogre
  9782 | D:8      | Killed a two-headed ogre
  9782 | D:8      | Reached skill level 10 in Earth Magic
  9954 | D:8      | Noticed a two-headed ogre
  9958 | D:8      | Killed a two-headed ogre
 10006 | D:8      | Found a staircase to the Lair.
 10073 | Lair:1   | Entered Level 1 of the Lair of Beasts
 10096 | Lair:1   | Noticed Erica
 10101 | Lair:1   | Killed Erica
 10351 | Lair:1   | Reached skill level 1 in Axes
 11551 | Lair:2   | Noticed a seven-headed hydra
 11562 | Lair:2   | Noticed a four-headed hydra
 11591 | Lair:2   | Killed a four-headed hydra
 11692 | Lair:2   | HP: 3/75 [nine-headed hydra (9)]
 11693 | Lair:2   | Killed a nine-headed hydra
 11969 | Lair:2   | Reached XP level 12. HP: 69/81 MP: 21/23
 12107 | Lair:2   | Reached **** piety under Vehumet
 12147 | Lair:2   | Noticed teukkam's ghost (journeyman GnWn)
 12175 | Lair:2   | Slain by teukkam's ghost

Vault maps used:
D:1:      lightli_arrival_maybe_door_vault
D:2:      lemuel_doored_altar, nemelex_altar_shiori, lemuel_crystal_altar,
          first_bread, nicolae_tso_swordbearing_angel
D:3:      yredelemnul_altar_generic, uniq_jessica
D:4:      lemuel_zombie_altar_kikubaaqudgha, old_standard_altar
D:5:      uniq_ijyb, uniq_blork_the_orc, uniq_sigmund
D:6:      gammafunk_temple_overflow_statue, nicolae_overflow_hidden_temple,
          serial_shops, nicolae_shop_behind_doors, roderic_st_hans_cross,
          uniq_grinder
D:7:      minmay_flawed_box, vehumet_crystals, minmay_temple_entry_large_hall,
          kb_lookout_dungeons_type, uniq_crazy_yiuf_cottage
D:8:      grunt_lair_entry_orc_guard_hut, serial_shops, shop,
          nicolae_ossuary_entry_plus, minmay_checkerbox
Temple:   cyrus_temple_forest
Lair:1:   uniq_erica
Lair:2:   minmay_shoals_entry_beasts, serial_bayou_lagoon_a, pond
Ossuary:  ossuary_boxes_badplayer

Skill      XL: |  1  2  3  4  5  6  7  8  9 10 11 |
---------------+----------------------------------+-----
Stealth        | 3 4 5 8 9 |  9.2
Earth Magic    | 4 5 6 7 8 9 10 | 10.9
Fighting       | 1 2 3 4 6 7 |  7.6
Spellcasting   | 3 4 6 7 |  7.7
Shields        | 2 4 |  4.3
Dodging        | 3 5 6 7 |  7.2
Axes           | 3 |  3.7
Transmutations | 3 |  3.5

Action                   |  1- 3 |  4- 6 |  7- 9 | 10-12 || total
-------------------------+-------+-------+-------+-------++-------
Melee: Dagger            |    25 |    32 |       |       ||    57
       Constrict         |     5 |    18 |    30 |    24 ||    77
       Unarmed           |     2 |       |       |       ||     2
       Tentacles         |     4 |     4 |    37 |    39 ||    84
       Whip              |       |    36 |   144 |       ||   180
       Hand axe          |       |       |    46 |   219 ||   265
Throw: Stone             |       |       |     1 |       ||     1
 Cast: Sandblast         |    27 |    55 |    80 |    72 ||   234
       Stone Arrow       |       |     3 |     7 |    50 ||    60
       Petrify           |       |     3 |    19 |    40 ||    62
       Lee's Rapid Decon |       |       |     1 |    20 ||    21
Evoke: Wand              |       |     2 |     6 |     3 ||    11
  Use: Scroll            |     4 |     8 |     6 |     7 ||    25
       Potion            |       |     3 |     1 |       ||     4
 Stab: Sleeping          |     5 |     7 |     9 |    18 ||    39
       Paralysed         |       |     5 |     6 |       ||    11
       Petrified         |       |       |    58 |    56 ||   114
       Petrifying        |       |       |     3 |     2 ||     5
  Eat: Chunk             |     1 |    13 |    19 |    26 ||    59
       Bread ration      |       |       |     1 |       ||     1
Armor: Skin              |     2 |     8 |     6 |     6 ||    22
Dodge: Dodged            |    12 |    51 |   101 |   106 ||   270
Block: Buckler           |       |       |    34 |    43 ||    77

Table legend:
 A = Spawn XP
 B = Non-spawn XP
 C = Spawn XP percentage of total XP
 D = Spawn monster count
 E = Non-spawn monster count
 F = Spawn count percentage of total count
 G = Total turns spent on level
                    A         B        C        D         E        F      G
               +---------+---------+-------+---------+---------+-------+---------
         Total |       0 |   19461 |   0.0 |       0 |     279 |   0.0 | 12175
               +---------+---------+-------+---------+---------+-------+---------
           D:1 |       0 |      27 |   0.0 |       0 |      17 |   0.0 |   659
           D:2 |       0 |     106 |   0.0 |       0 |      24 |   0.0 |  1468
           D:3 |       0 |     175 |   0.0 |       0 |      24 |   0.0 |  1314
           D:4 |       0 |     803 |   0.0 |       0 |      21 |   0.0 |  1345
           D:5 |       0 |    1121 |   0.0 |       0 |      17 |   0.0 |   829
           D:6 |       0 |    1405 |   0.0 |       0 |      32 |   0.0 |  1340
           D:7 |       0 |    1769 |   0.0 |       0 |      37 |   0.0 |  1261
           D:8 |       0 |    5668 |   0.0 |       0 |      46 |   0.0 |  1097
        Lair:1 |       0 |    3456 |   0.0 |       0 |      12 |   0.0 |  1204
        Lair:2 |       0 |    4221 |   0.0 |       0 |      12 |   0.0 |   777
       Ossuary |       0 |     710 |   0.0 |       0 |      37 |   0.0 |   798
               +---------+---------+-------+---------+---------+-------+---------
